 Dungeon Crawl Stone Soup version 0.30-a0-702-gdf48620a09 (webtiles) character file.

Game seed: 14751588927421719438

289 Newt the Skirmisher (level 6, 0/40 HPs)
             Began as a Kobold Hunter on Jan 21, 2023.
             Slain by an ice beast (10 damage)
             ... on level 4 of the Dungeon.
             The game lasted 00:02:38 (2637 turns).

Newt the Skirmisher (Kobold Hunter)                 Turns: 2637, Time: 00:02:39

Health: 0/40       AC:  7    Str:  8    XL:     6   Next: 57%
Magic:  6/6        EV: 14    Int: 10    God:
Gold:   158        SH:  0    Dex: 21    Spells: 5/5 levels left

rFire   . . .      SeeInvis .    a - +0 shortbow
rCold   . . .      Faith    .    (shield currently unavailable)
rNeg    . . .      Spirit   .    c - +0 leather armour
rPois   .          Reflect  .    l - +2 helmet
rElec   .          Harm     .    g - +0 cloak
rCorr   .          Rampage  .    (no gloves)
Will    .....                    (no boots)
Stlth   +++                      (no amulet)
HPRegen 0.26/turn                (no ring)
MPRegen 0.10/turn                (no ring)

@: no status effects
A: small, no large weapons, nightstalker 3
a: no special abilities


You were on level 4 of the Dungeon.
You visited 1 branch of the dungeon, and saw 4 of its levels.

You collected 158 gold pieces.

Inventory:

Hand Weapons
 a - a +0 shortbow (weapon)
Armour
 c - a +0 leather armour (worn)
 g - a +0 cloak (worn)
 l - a +2 helmet (worn)
Jewellery
 h - a ring of fire
 n - a ring of protection from fire
 o - a ring of magical power
Wands
 j - a wand of polymorph (4)
Scrolls
 b - a scroll of immolation
 d - a scroll of magic mapping
 k - a scroll of amnesia
Potions
 e - 2 potions of attraction
 f - a potion of heal wounds
 i - a potion of brilliance {unknown}
 m - 2 potions of magic {unknown}


   Skills:
 - Level 5.0 Fighting
 + Level 8.1 Ranged Weapons
 - Level 2.4 Dodging
 - Level 1.3 Stealth


You had 5 spell levels left.
You didn't know any spells.
Your spell library contained the following spells:

 Spells                   Type           Power      Damage    Failure   Level
 Ignite Poison            Fire/Tmut/Pois 0%         N/A       86%         3
 Sticky Flame             Conj/Fire      0%         2d3       99%         4
 Ignition                 Fire           0%         3d3       100%        8


Dungeon Overview and Level Annotations

Branches:
Dungeon (4/15)
 Temple: D:4-7

Altars:

Shops:
D:3 !


Innate Abilities, Weirdness & Mutations

You are small and have problems with some larger weapons.
You are completely attuned to the shadows.


Message History

The water moccasin poisons you!
The water moccasin bites you but does no damage.
Aiming: Polymorph
Press: ? - help, Shift-Dir - straight line, f/p - water moccasin
Aim: a water moccasin (will become an ice beast, a fire bat, or an acid dragon, chance to affect: 49%)
The water moccasin evaporates and reforms as an ice beast!
You feel sick.
You feel better. The ice beast completely misses you.
You shoot an arrow.
The arrow hits the ice beast but does no damage.
The ice beast hits you. The ice beast freezes you!
* * * LOW HITPOINT WARNING * * *
The ice beast closely misses you.
You feel much better. The ice beast closely misses you.
You shoot an arrow. The arrow hits the ice beast!
The ice beast is moderately wounded.
The ice beast barely misses you.
You shoot an arrow. The arrow hits the ice beast.
The ice beast is heavily wounded.
The ice beast barely misses you.
You shoot an arrow. The arrow hits the ice beast!
The ice beast is severely wounded.
The ice beast hits you but does no damage.
You shoot an arrow.
The arrow hits the ice beast but does no damage.
The ice beast is severely wounded.
The ice beast barely misses you.
You shoot an arrow.
The arrow hits the ice beast but does no damage.
The ice beast is severely wounded.
The ice beast barely misses you.
You shoot an arrow. The arrow barely misses the ice beast.
The ice beast hits you. The ice beast freezes you!
You shoot an arrow. The arrow barely misses the ice beast.
The ice beast hits you. The ice beast freezes you!
* * * LOW HITPOINT WARNING * * *
The ice beast hits you.
* * * LOW HITPOINT WARNING * * *
The ice beast freezes you!
You die...

#### .... ....
###################..!.
.......)........@Y.....
###...#############....
#...# .... #...# ####
#...#


You could see an ice beast.

Vanquished Creatures
  A howler monkey (D:4)
  A hound (D:4)
  Natasha (thrice) (D:2)
  8 adders
  2 dart slugs (D:2)
  9 orcs
  4 ball pythons
  2 bats
  3 endoplasms
  2 giant cockroaches (D:3)
  9 goblins
  2 hobgoblins
  4 jackals
  8 kobolds
  2 quokkas (D:2)
  5 frilled lizards
  3 rats
68 creatures vanquished.

Vanquished Creatures (others)
  A fungus (D:4)
1 creature vanquished.

Grand Total: 69 creatures vanquished

Notes
Turn   | Place    | Note
-------+----------+-------------------------------------------
     0 | D:1      | Newt the Kobold Hunter began the quest for the Orb.
     0 | D:1      | Reached XP level 1. HP: 12/12 MP: 1/1
   211 | D:1      | Reached XP level 2. HP: 15/18 MP: 2/2
   868 | D:1      | Reached XP level 3. HP: 16/23 MP: 3/3
  1082 | D:2      | Noticed Natasha
  1084 | D:2      | Killed Natasha
  1085 | D:2      | Reached XP level 4. HP: 30/30 MP: 4/4
  1119 | D:2      | Noticed Natasha
  1127 | D:2      | Killed Natasha
  1128 | D:2      | Reached skill level 5 in Fighting
  1128 | D:2      | Reached XP level 5. HP: 28/35 MP: 5/5
  1184 | D:2      | Reached skill level 6 in Ranged Weapons
  1440 | D:2      | Noticed Natasha
  1445 | D:2      | Killed Natasha
  1644 | D:3      | Found Lomirol's Distillery.
  1929 | D:3      | Reached skill level 7 in Ranged Weapons
  1937 | D:3      | Reached XP level 6. HP: 26/40 MP: 6/6
  2474 | D:4      | Identified the +5 halberd of Wisdom {pain, rF+ Will+ Str+3
                  | Int-3}
  2558 | D:4      | Reached skill level 8 in Ranged Weapons
  2618 | D:4      | Noticed a water moccasin
  2627 | D:4      | a water moccasin changed into an ice beast
  2627 | D:4      | Noticed an ice beast
  2637 | D:4      | Slain by an ice beast

Illustrated notes

Levels and vault maps discovered:
D:1:      lemuel_arrival_river_ford, layout_loops_ring
D:2:      layout_rooms, uniq_natasha
D:3:      layout_loops_cross, serial_aquarium, aquarium_bridge_square
          [aquarium_subvault_bridge, aquarium_subvault_wall,
          aquarium_subvault_bridge, aquarium_subvault_balcony],
          aquarium_window_fake, aquarium_window_fake,
          aquarium_window_corridor_3, aquarium_window_corner, aquarium_view_2c,
          serial_shops, shop, grunt_decor_mini_mirrors, chequers_mini_garden,
          minmay_misc_feat_tower
D:4:      layout_basic, minmay_temple_entry_butterflies, uniq_crazy_yiuf_cottage

Skill      XL: |  1  2  3  4  5  6 |
---------------+-------------------+-----
Fighting       | 3 4 5 |  5.0
Ranged Weapons | 7 8 |  8.1
Dodging        | |  2.4
Stealth        | |  1.3

Action                   |  1- 3 |  4- 6 || total
-------------------------+-------+-------++-------
 Fire: Shortbow          |    53 |   138 ||   191
Evoke: Wand              |       |     2 ||     2
  Use: Scroll            |     4 |     3 ||     7
       Potion            |       |     3 ||     3
Armor: Leather armour    |    20 |    23 ||    43
Dodge: Dodged            |    29 |    49 ||    78

Table legend: (Time is in decaauts)
 A = Elapsed time spent in this place.
 B = Non-inter-level travel time spent in this place.
 C = Inter-level travel time spent in this place.
 D = Time resting spent in this place.
 E = Time spent auto-exploring this place.
 F = Levels seen in this place.
 G = Mean time per level.
                   A        B        C        D        E       F      G
               +--------+--------+--------+--------+--------+-----+--------+
         Total |   2687 |   2580 |    107 |    134 |   2069 |   4 |  671.8 |
       Dungeon |   2687 |   2580 |    107 |    134 |   2069 |   4 |  671.8 |
               +--------+--------+--------+--------+--------+-----+--------+

Top non-repeatable levels by time:
     D:1: 1019 daAuts
     D:3: 914 daAuts
     D:2: 566 daAuts
     D:4: 187 daAuts
